 Dungeon Crawl Stone Soup version 0.21-a0-531-gacddea6 (webtiles) character file.

40194 kae the Brawler (level 13, -3/133 HPs)
             Began as a Troll Monk on Dec 13, 2017.
             Was the Champion of Wu Jian.
             Slain by an elephant (16 damage)
             ... on level 6 of the Lair of Beasts.
             The game lasted 00:22:07 (14562 turns).

kae the Brawler (Troll Monk)                       Turns: 14562, Time: 00:22:07

Health: -3/133     AC:  9    Str: 22    XL:     13   Next: 73%
Magic:  21/21      EV: 16    Int:  6    God:    Wu Jian [******]
Gold:   1035       SH:  0    Dex: 16    Spells: 12/12 levels left

rFire    x . .     SeeInvis .     - Unarmed
rCold    . . .     Gourm    +   (no shield)
rNeg     + . .     Faith    +   E - +0 troll leather armour
rPois    +         Spirit   .   (helmet restricted)
rElec    +         Reflect  .   p - +0 cloak
rCorr    .         Harm     .   (gloves unavailable)
MR       .....                  (boots unavailable)
Stlth    ++........             x - amulet "Loubbiont" {Faith +Blink rElec rPois rF-}
HPRegen  1.12/turn              B - ring of magical power
MPRegen  0.17/turn              l - ring of positive energy

@: exhausted
A: large, unfitting armour, claws 3, fast metabolism 3, gourmand, regeneration
1, shaggy fur 1, tough skin 2
a: Serpent's Lash, Heavenly Storm, Renounce Religion, Evoke Blink


You were on level 6 of the Lair of Beasts.
You worshipped Wu Jian.
Wu Jian was exalted by your worship.
You were completely stuffed.

You visited 3 branches of the dungeon, and saw 17 of its levels.

You collected 1035 gold pieces.

Inventory:

Armour
 p - a +0 cloak (worn)
 E - a +0 troll leather armour (worn)
Jewellery
 a - an uncursed amulet of magic regeneration
 l - a ring of positive energy (right claw)
 x - the amulet "Loubbiont" (around neck) {Faith +Blink rElec rPois rF-}
   (You found it on level 6 of the Dungeon)

   [amulet of faith]

   It allows you to gain divine favour quickly.
   It makes you vulnerable to fire.
   It insulates you from electricity.
   It protects you from poison.
   It lets you blink.
 B - a ring of magical power (left claw)
Wands
 c - a wand of acid (1)
 v - a wand of iceblast (9)
 z - a wand of disintegration (16)
Scrolls
 d - 8 scrolls of remove curse
 f - 3 scrolls of identify
 m - a scroll of fear
 q - 3 scrolls of magic mapping
 u - a scroll of fog
 w - 7 scrolls of teleportation
 y - a scroll of enchant weapon
 A - 4 scrolls of amnesia
 D - 4 scrolls of enchant armour
Potions
 e - 5 potions of might
 g - 6 potions of curing
 h - a potion of brilliance
 i - 4 potions of mutation
 k - a potion of berserk rage
 n - 5 potions of flight
 r - 3 potions of cancellation
 s - a potion of magic
 t - 2 potions of heal wounds
 C - a potion of resistance
 F - 2 potions of haste
 H - a potion of lignification
 I - a potion of agility
Comestibles
 b - 7 bread rations
 j - 10 royal jellies
 o - 6 meat rations
 G - 10 fruits
 J - 5 chunks of flesh


   Skills:
 + Level 10.0 Fighting
 + Level 6.5 Armour
 + Level 10.0 Dodging
 - Level 1.0 Stealth
 * Level 15.6 Unarmed Combat


You had 12 spell levels left.
You didn't know any spells.

Dungeon Overview and Level Annotations

Branches:
Dungeon (10/15)            Temple (1/1) D:6            Lair (6/6) D:10
 Shoals (0/4) Lair:3        Snake (0/4) Lair:2        Slime (0/5) Lair:6
    Orc (0/2) D:10

Altars:
Ashenzari
Cheibriados
Dithmenos
Elyvilon
Fedhas
Gozag
Hepliaklqana
Kikubaaqudgha
Makhleb
Nemelex Xobeh
Okawaru
Qazlal
Ru
Sif Muna
Trog
Uskayaw
Vehumet
Wu Jian
Xom
Yredelemnul
Zin
The Shining One

Shops:
D:5 =   D:8 =   D:9 :   D:10 (


Innate Abilities, Weirdness & Mutations

You are too large for most types of armour.
You have claws for hands.
Your metabolism is lightning-fast.
You like to eat raw meat.
Your natural rate of healing is unusually fast.
You are covered in fur. (AC +1)
You have very tough skin. (AC +2)


Message History

You claw the elephant!
The elephant is moderately wounded.
The harpy claws you! x2; The elephant completely misses you.
The elephant trunk-slaps you but does no damage.
The elephant barely misses you. x2
You spin and attack the harpy.
You mangle the harpy!!
You kill the harpy!
The Council accepts your kill.
You spin and attack the komodo dragon.
You claw the komodo dragon!
The komodo dragon is heavily wounded.
The komodo dragon bites you!!
* * * LOW HITPOINT WARNING * * *
You spin and attack the komodo dragon.
You mangle the komodo dragon!!
The komodo dragon is almost dead.
You spin and attack the elephant.
You claw the elephant!
The elephant is heavily wounded.
The komodo dragon bites you!
* * * LOW HITPOINT WARNING * * *
The elephant tramples you!
You die...

. ......≈≈ ≈≈ #. #.....≈# ≈≈# ..
...#####.....≈##≈≈## ..
..P.#..........≈≈.≈.
...#.#t.PP............... ..
....###..........................
....##...#..#.%..................
.....#.....#%...@l...............
..%..?..........Y................
.....#.._...%.%.Y................
...###...........................
...†.#....†......................
.......%.........................
.....†..%.........<.........÷....
....%..................<.........
...%.#.#.###................##...


You could see 2 elephants and a komodo dragon (pinned).

Vanquished Creatures
  Snorg (Lair:6)
  2 hydras
  2 two-headed ogres
  4 death yaks
  2 ogre magi (D:10)
  2 unseen horrors (D:10)
  A sea snake (Lair:6)
  2 harpies (Lair:6)
  An ugly thing (D:10)
  3 manticores
  14 spiny frogs
  Maurice (D:9)
  3 elephants (Lair:6)
  6 black mambas
  Joseph (D:7)
  A gargoyle (D:9)
  A torpor snail (Lair:6)
  3 rime drakes (Lair:6)
  6 komodo dragons
  2 trolls
  4 polar bears
  A hornet (Lair:6)
  19 blink frogs
  10 hippogriffs
  9 yaks
  3 wyverns
  Eustachio (D:4)
  Grum (D:9)
  4 basilisks
  A steam dragon (D:10)
  22 water moccasins
  Duvessa (D:7)
  An orc warrior (D:9)
  7 porcupines
  2 ice beasts
  A black bear (D:9)
  A sky beast (D:9)
  6 ogres
  10 wolves
  2 centaurs
  9 crocodiles
  2 big kobolds (D:8)
  11 bullfrogs
  A water moccasin zombie (D:8)
  7 scorpions
  Dowan (D:7)
  3 killer bees (D:10)
  A vampire bat (D:3)
  A centaur zombie (D:6)
  6 crimson imps
  2 orc priests
  8 hounds
  8 jellies
  A bullfrog zombie (D:5)
  2 gnoll shamans (D:8)
  A bullfrog skeleton (D:6)
  5 orc wizards
  3 centaur skeletons
  Crazy Yiuf (D:3)
  3 iguanas
  8 worker ants
  6 hell rats (Lair:5)
  A hound zombie (D:5)
  A hound skeleton (D:4)
  Robin (D:2)
  13 gnolls
  17 adders
  3 shadow imps
  6 oozes
  An adder skeleton (D:5)
  An adder zombie (D:10)
  A worm (D:2)
  A dart slug (D:4)
  3 fire bats (D:3)
  4 leopard geckos
  20 orcs
  2 spectral bats (D:3)
  19 bats
  3 bat skeletons (D:3)
  A bat zombie (D:3)
  4 giant cockroaches
  20 goblins
  6 hobgoblins
  23 jackals
  16 kobolds
  5 quokkas
  A bat simulacrum (D:3)
  8 frilled lizards
  A jackal skeleton (D:5)
  6 rats
442 creatures vanquished.

Vanquished Creatures (others)
  A bush (Lair:6)
  5 fungi
  31 plants (Lair:6)
37 creatures vanquished.

Grand Total: 479 creatures vanquished

Notes
Turn   | Place    | Note
-------+----------+-------------------------------------------
     0 | D:1      | kae the Troll Monk began the quest for the Orb.
     0 | D:1      | Reached XP level 1. HP: 22/22 MP: 0/0
    91 | D:1      | Reached XP level 2. HP: 28/29 MP: 1/1
   684 | D:2      | Reached XP level 3. HP: 36/36 MP: 2/2
   941 | D:2      | Noticed Robin
   950 | D:1      | Reached skill level 4 in Unarmed Combat
  1085 | D:2      | Killed Robin
  1085 | D:2      | Reached XP level 4. HP: 44/44 MP: 3/3
  1140 | D:2      | Found a sparkling altar of Nemelex Xobeh.
  1219 | D:2      | Found a blossoming altar of Fedhas.
  1529 | D:3      | Found a faded altar of an unknown god.
  1619 | D:3      | Reached XP level 5. HP: 53/53 MP: 4/4
  1675 | D:3      | Found a runed door.
  1845 | D:3      | Reached skill level 5 in Unarmed Combat
  1886 | D:3      | Reached XP level 6. HP: 51/61 MP: 5/5
  2072 | D:3      | Noticed Crazy Yiuf
  2075 | D:3      | Killed Crazy Yiuf
  2140 | D:4      | Found a hide-covered altar of Uskayaw.
  2231 | D:4      | Noticed Eustachio
  2242 | D:4      | Killed Eustachio
  2242 | D:4      | Reached skill level 6 in Unarmed Combat
  2263 | D:4      | Reached XP level 7. HP: 42/68 MP: 6/6
  2448 | D:4      | Reached skill level 7 in Unarmed Combat
  2806 | D:4      | Found a glowing golden altar of the Shining One.
  2957 | D:5      | Entered Level 5 of the Dungeon
  2963 | D:5      | Reached XP level 8. HP: 79/79 MP: 7/7
  3096 | D:5      | Found Uzoonn's Jewellery Shop.
  3386 | D:5      | Found a burning altar of Makhleb.
  3538 | D:5      | Noticed a hippogriff
  3545 | D:5      | Killed a hippogriff
  3545 | D:5      | Reached skill level 5 in Fighting
  3545 | D:5      | Reached skill level 8 in Unarmed Combat
  3562 | D:5      | Reached skill level 5 in Dodging
  3876 | D:6      | Got a steaming pewter amulet
  3985 | D:6      | Found a staircase to the Ecumenical Temple.
  3996 | Temple   | Entered the Ecumenical Temple
  4203 | Temple   | Became a worshipper of the Wu Jian Council
  4203 | Temple   | Reached * piety under Wu Jian
  4203 | Temple   | Reached ** piety under Wu Jian
  4391 | D:7      | Reached XP level 9. HP: 72/88 MP: 8/8
  4396 | D:7      | Reached skill level 9 in Unarmed Combat
  4414 | D:7      | Identified the amulet "Loubbiont" {Faith +Blink rElec rPois rF-} (You found it on level 6 of the Dungeon)
  4553 | D:7      | Noticed Joseph
  4568 | D:7      | Killed Joseph
  4981 | D:7      | Noticed a manticore
  4991 | D:7      | Killed a manticore
  4991 | D:7      | Reached skill level 10 in Unarmed Combat
  5189 | D:7      | Found a sacrificial altar of Ru.
  5279 | D:7      | Noticed Dowan
  5289 | D:7      | Killed Dowan
  5292 | D:7      | Noticed Duvessa
  5321 | D:7      | Killed Duvessa
  5477 | D:8      | Noticed a troll
  5493 | D:8      | Killed a troll
  5493 | D:8      | Reached XP level 10. HP: 82/100 MP: 9/9
  5573 | D:8      | Found a snail-covered altar of Cheibriados.
  5577 | D:8      | Found Yfext's Jewellery Boutique.
  5703 | D:8      | Noticed a two-headed ogre
  5933 | D:8      | Reached *** piety under Wu Jian
  6099 | D:8      | Found a blossoming altar of Fedhas.
  6193 | D:8      | You fall through a shaft for 2 floors!
  6193 | D:10     | Entered Level 10 of the Dungeon
  6210 | D:9      | Reached skill level 11 in Unarmed Combat
  6541 | D:9      | Noticed a two-headed ogre
  6550 | D:9      | Killed a two-headed ogre
  6693 | D:9      | Noticed Grum
  6700 | D:9      | Killed Grum
  6796 | D:9      | Noticed Maurice
  6966 | D:9      | Killed Maurice
  6966 | D:9      | Reached **** piety under Wu Jian
  7015 | D:9      | Found Himur's Book Boutique.
  7107 | D:9      | Found a bloodstained altar of Trog.
  7256 | D:9      | Noticed a gargoyle
  7261 | D:9      | Killed a gargoyle
  7410 | D:10     | Reached skill level 12 in Unarmed Combat
  7491 | D:10     | Found Seefemuv's Weapon Shop.
  7559 | D:10     | Found a staircase to the Orcish Mines.
  7566 | D:10     | Found a staircase to the Lair.
  7896 | D:10     | Killed an unseen horror
  7896 | D:10     | Reached XP level 11. HP: 76/109 MP: 10/10
  8021 | D:10     | Noticed a two-headed ogre
  8023 | D:10     | Noticed an ogre mage
  8025 | D:10     | Noticed an ogre mage
  8025 | D:10     | Killed a two-headed ogre
  8025 | D:10     | Reached skill level 1 in Armour
  8027 | D:10     | Noticed a red ugly thing
  8028 | D:10     | Killed an unseen horror
  8032 | D:10     | Killed an ogre mage
  8042 | D:10     | Killed an ogre mage
  8049 | D:10     | Killed a red ugly thing
  8317 | Lair:1   | Entered Level 1 of the Lair of Beasts
  8562 | Lair:1   | Reached skill level 13 in Unarmed Combat
  8595 | Lair:1   | Reached ***** piety under Wu Jian
  8913 | Lair:1   | Noticed a four-headed hydra
  8918 | Lair:1   | Killed a six-headed hydra
  9355 | Lair:2   | Reached XP level 12. HP: 121/122 MP: 11/11
  9502 | Lair:2   | Found a staircase to the Snake Pit.
 10091 | Lair:3   | Reached skill level 14 in Unarmed Combat
 10365 | Lair:3   | Found a staircase to the Shoals.
 11214 | Lair:4   | Noticed an eight-headed hydra
 11223 | Lair:4   | Killed a 13-headed hydra
 11223 | Lair:4   | Reached skill level 5 in Armour
 12308 | Lair:5   | Reached XP level 13. HP: 93/131 MP: 12/12
 12767 | Lair:6   | Entered Level 6 of the Lair of Beasts
 12890 | Lair:6   | Noticed Snorg
 12900 | Lair:6   | HP: 4/131 [Snorg (17)]
 13225 | Lair:5   | HP: 3/131 [blink frog (10)]
 13634 | Lair:5   | Reached skill level 15 in Unarmed Combat
 14406 | Lair:6   | Found a staircase to the Slime Pits.
 14407 | Lair:6   | Found a sparkling altar of Nemelex Xobeh.
 14438 | Lair:6   | Reached ****** piety under Wu Jian
 14509 | Lair:6   | Killed Snorg
 14509 | Lair:6   | Reached skill level 10 in Fighting
 14509 | Lair:6   | Reached skill level 10 in Dodging
 14562 | Lair:6   | Slain by an elephant

Vault maps used:
D:1:      saegor_arrival_simple_b
D:2:      fedhas_altar_3, old_standard_altar, first_bread,
          hangedman_decor_riveting, minmay_split_cup_large, uniq_robin
D:3:      chequers_ecumenical_altar_simple_redux, goddamned_bats,
          uniq_crazy_yiuf_cottage
D:4:      cheibrodos_quashed, eat_drink_and_be_merry_uskayaw,
          kennysheep_mini_moat, uniq_eustachio
D:5:      lemuel_coloured_pillars_altar, serial_shops, nicolae_shop_crystal,
          patterned_corridor
D:6:      minmay_temple_entry_statues_pillars
D:7:      nicolae_ru_great_annihilating_truth, uniq_duvessa, uniq_joseph
D:8:      lemuel_round_altar, basic_altar, serial_shops, kennysheep_little_box
D:9:      nicolae_overflow_crystal_walls, serial_shops, shop, uniq_maurice,
          uniq_grum
D:10:     minmay_the_grid_triangle_9x9_rhombus_thin, lair_entry_dummy,
          orc_0_dummy, serial_shops, shop
Temple:   dpeg_chambers_temple
Lair:1:   nzn_random_ring
Lair:2:   minmay_snake_entry_six_corridors, serial_bayou_lagoon_a,
          grunt_megastairs_3
Lair:3:   minmay_shoals_entry_beasts
Lair:4:   serial_bayou_shore_b
Lair:5:   minmay_stone_trees_small
Lair:6:   gammafunk_lair_ancient_temple, nicolae_slime_entry_slimehenge,
          basic_altar, serial_forest, infiniplex_forest_clump_diagonal,
          infiniplex_forest_straight_2, infiniplex_forest_lined_room_2,
          infiniplex_forest_clump_double, infiniplex_forest_straight_4,
          infiniplex_forest_clump_tiny, uniq_snorg

Skill      XL: |  1  2  3  4  5  6  7  8  9 10 11 12 13 |
---------------+----------------------------------------+-----
Unarmed Combat | 4 5 6 7 8 10 12 13 14 15 | 15.6
Dodging        | 3 4 5 6 7 8 9 10 | 10.0
Fighting       | 3 4 5 6 7 8 9 10 | 10.0
Armour         | 3 5 6 |  6.5
Stealth        | |  1.0

Action                   |  1- 3 |  4- 6 |  7- 9 | 10-12 | 13-15 || total
-------------------------+-------+-------+-------+-------+-------++-------
Melee: Unarmed           |    89 |   164 |   307 |   649 |   298 ||  1507
       Punch             |       |     2 |    14 |    38 |    21 ||    75
Invok: Serpent's Lash    |       |       |       |     5 |     4 ||     9
 Abil: Evoke Blink       |       |       |       |     1 |       ||     1
Evoke: Wand              |       |       |     1 |     3 |     1 ||     5
  Use: Scroll            |       |    13 |     5 |    12 |     6 ||    36
       Potion            |       |       |       |     2 |       ||     2
 Stab: Sleeping          |     2 |     3 |    10 |     4 |       ||    19
       Paralysed         |       |       |     1 |       |       ||     1
       Distracted        |       |       |       |     2 |       ||     2
  Eat: Chunk             |    15 |     7 |    29 |    68 |    21 ||   140
Armor: Robe              |    37 |   101 |    61 |    45 |       ||   244
       Troll leather arm |       |       |       |    75 |    84 ||   159
Dodge: Dodged            |    47 |   143 |   148 |   375 |   216 ||   929

Table legend:
 A = Spawn XP
 B = Non-spawn XP
 C = Spawn XP percentage of total XP
 D = Spawn monster count
 E = Non-spawn monster count
 F = Spawn count percentage of total count
 G = Total turns spent on level
                    A         B        C        D         E        F      G
               +---------+---------+-------+---------+---------+-------+---------
         Total |       0 |   57420 |   0.0 |       0 |     442 |   0.0 | 14562
               +---------+---------+-------+---------+---------+-------+---------
           D:1 |       0 |      40 |   0.0 |       0 |      21 |   0.0 |   773
           D:2 |       0 |      93 |   0.0 |       0 |      29 |   0.0 |   545
           D:3 |       0 |     293 |   0.0 |       0 |      44 |   0.0 |   822
           D:4 |       0 |     981 |   0.0 |       0 |      36 |   0.0 |   817
           D:5 |       0 |     692 |   0.0 |       0 |      27 |   0.0 |   831
           D:6 |       0 |     651 |   0.0 |       0 |      14 |   0.0 |   480
           D:7 |       0 |    2145 |   0.0 |       0 |      27 |   0.0 |  1128
           D:8 |       0 |    1644 |   0.0 |       0 |      36 |   0.0 |   852
           D:9 |       0 |    3141 |   0.0 |       0 |      24 |   0.0 |   894
          D:10 |       0 |    5732 |   0.0 |       0 |      24 |   0.0 |   940
        Lair:1 |       0 |    5601 |   0.0 |       0 |      20 |   0.0 |   904
        Lair:2 |       0 |    5924 |   0.0 |       0 |      31 |   0.0 |   847
        Lair:3 |       0 |    4326 |   0.0 |       0 |      19 |   0.0 |   832
        Lair:4 |       0 |    2991 |   0.0 |       0 |      12 |   0.0 |  1144
        Lair:5 |       0 |   10732 |   0.0 |       0 |      40 |   0.0 |  1987
        Lair:6 |       0 |   12434 |   0.0 |       0 |      38 |   0.0 |   531
               +---------+---------+-------+---------+---------+-------+---------
